 Dungeon Crawl Stone Soup version 0.20.1-1-g8b1a95d (webtiles) character file.

81 slep the Covered (level 4, -3/37 HPs)
             Began as a Barachi Fighter on Nov 12, 2017.
             Was an Initiate of Ashenzari.
             Killed from afar by an orc wizard (8 damage)
             ... with a magic dart
             ... while paralysed by an orc wizard
             ... on level 3 of the Dungeon.
             The game lasted 00:08:11 (1481 turns).

slep the Covered (Barachi Fighter)                  Turns: 1481, Time: 00:08:11

Health: -3/37      AC: 10    Str: 18    XL:     4   Next: 40%
Magic:  4/4        EV:  2    Int:  8    God:    Ashenzari [......]
Gold:   106        SH:  0    Dex: 17    Spells: 3/3 levels left

rFire    . . .     SeeInvis .   a - +0 long sword
rCold    . . .     Gourm    .   c - +0 shield
rNeg     . . .     Faith    .   b - +0 scale mail
rPois    .         Spirit   .   (no helmet)
rElec    .         Reflect  .   (no cloak)
rCorr    +         Harm     .   (no gloves)
MR       .....                  (no boots)
Stlth    +.........             (no amulet)
Regen    0.2/turn               s - +3 ring of protection
MPRegen  0.1/turn               n - ring of resist corrosion

@: paralysed, agile, slowed, slow
A: +LOS, swims, slowness 1, strong legs 1
a: Hop, Curse Item, Renounce Religion


You were on level 3 of the Dungeon.
You worshipped Ashenzari.
Ashenzari was noncommittal.
You were not hungry.

You visited 1 branch of the dungeon, and saw 3 of its levels.

You collected 106 gold pieces.

Inventory:

Hand Weapons
 a - a +0 long sword (weapon)
Armour
 b - a +0 scale mail (worn)
 c - a +0 shield (worn)
Jewellery
 m - an uncursed ring of stealth
 n - a ring of resist corrosion (right hand)
 s - a +3 ring of protection (left hand)
Scrolls
 e - a scroll of identify {unknown}
 g - 4 scrolls of remove curse
 k - a scroll of teleportation {unknown}
 l - a scroll of recharging {unknown}
 p - a scroll of magic mapping {unknown}
Potions
 d - a potion of might
 j - a potion of curing {unknown}
 r - a potion of heal wounds {unknown}
Comestibles
 f - 3 bread rations
 h - 2 meat rations
 o - a royal jelly


   Skills:
 + Level 3.9 Fighting
 + Level 3.9 Long Blades
 + Level 4.2 Armour
 + Level 0.9 Dodging
 + Level 3.9 Shields


You had 3 spell levels left.
You didn't know any spells.

Dungeon Overview and Level Annotations

Branches:
Dungeon (3/15)

Altars:
Ashenzari
Kikubaaqudgha
Ru
Vehumet
Zin
The Shining One


Innate Abilities, Weirdness & Mutations

Shadows flee at your approach. (+LOS)
You can swim through water.
You cover ground slowly.
You can hop short distances.


Message History

Beogh smites you!
* * * LOW HITPOINT WARNING * * *
The orc wizard casts a spell at you. You resist with some effort.
The orc wizard points at you and mumbles some strange words.
You resist with some effort. You block the orc wizard's attack.
You hit the orc wizard but do no damage.
The orc wizard is moderately wounded.
The orc priest calls upon Beogh to heal the orc wizard.
The orc wizard's wounds heal themselves!
The orc wizard points at you and mumbles some strange words.
You feel yourself slow down.
The orc wizard points at you and mumbles some strange words.
The magic dart hits you!
It was a potion of agility.
You feel agile all of a sudden.
The orc wizard zaps a wand.
You suddenly lose the ability to move!
The orc wizard gestures at you while chanting.
The magic dart hits you!
You die...

.# #.. .# # .# #.#
_..# .# #.# #o#. .#
#.# ... .# #.# oo .#
#.# .# .#
##########.####.# .#
#.(........##o[)#
.#####..........@o###
.....#...##########
.###.#...# ...#.#...#
...#.#...# _........#
..###.#### .## #.###
.# #...#


You could see an orc priest and an orc wizard.

Vanquished Creatures
  2 adders (D:2)
  A worm (D:2)
  A dart slug (D:1)
  5 leopard geckos
  3 orcs (D:3)
  2 giant cockroaches
  3 goblins
  2 hobgoblins
  5 jackals
  5 kobolds
  A quokka (D:2)
  8 bats
  4 frilled lizards
  4 rats (D:1)
46 creatures vanquished.

Notes
Turn   | Place    | Note
-------+----------+-------------------------------------------
     0 | D:1      | slep the Barachi Fighter began the quest for the Orb.
     0 | D:1      | Reached XP level 1. HP: 18/18 MP: 1/1
    33 | D:1      | Reached XP level 2. HP: 8/25 MP: 2/2
   572 | D:1      | Reached skill level 4 in Armour
   572 | D:1      | Reached XP level 3. HP: 30/30 MP: 3/3
   744 | D:2      | Found a shattered altar of Ashenzari.
   744 | D:2      | Found a radiant altar of Vehumet.
   755 | D:2      | Became a worshipper of Ashenzari the Shackled
   901 | D:2      | Found a glowing golden altar of the Shining One.
  1022 | D:2      | Reached XP level 4. HP: 33/37 MP: 4/4
  1116 | D:2      | Found a sacrificial altar of Ru.
  1391 | D:3      | Found an ancient bone altar of Kikubaaqudgha.
  1458 | D:3      | Found a glowing silver altar of Zin.
  1481 | D:3      | Paralysed by an orc wizard for 3 turns
  1481 | D:3      | Killed from afar by an orc wizard

Skill      XL: |  1  2 |
---------------+-------+-----
Long Blades    | 3 |  3.9
Armour         | 4 |  4.2
Fighting       | |  3.9
Dodging        | |  0.9
Shields        | |  3.9

Action                   |  1- 3 |  4- 6 || total
-------------------------+-------+-------++-------
Melee: Long sword        |   150 |    26 ||   176
  Use: Potion            |       |     1 ||     1
  Eat: Chunk             |     1 |     2 ||     3
Armor: Scale mail        |    75 |    12 ||    87
Dodge: Dodged            |    55 |     5 ||    60
Block: Shield            |    80 |     8 ||    88
       Rpst.: Long sword |    18 |     2 ||    20
